 Dungeon Crawl Stone Soup version 0.27-a0-498-g7ecbb0a48f (webtiles) character file.

Game seed: 16558286836538660392

104 Anon1729 the Skirmisher (level 4, -2/41 HPs)
             Began as a Hill Orc Fighter on Mar 2, 2021.
             Killed by nerve-wracking pain
             ... invoked by a shadow imp
              (13 damage)
             ... on level 3 of the Dungeon.
             The game lasted 00:02:26 (1820 turns).

Anon1729 the Skirmisher (Hill Orc Fighter)          Turns: 1820, Time: 00:02:27

Health: -2/41      AC:  8    Str: 19    XL:     4   Next: 80%
Magic:  4/4        EV:  7    Int:  8    God:
Gold:   87         SH:  9    Dex: 10    Spells: 3/3 levels left

rFire    . . .     SeeInvis .   a - +0 war axe
rCold    . . .     Faith    .   c - +0 kite shield
rNeg     . . .     Spirit   .   b - +0 scale mail
rPois    .         Reflect  .   r - +0 helmet
rElec    .         Harm     .   (no cloak)
rCorr    .         Rampage  .   (no gloves)
Will     .....                  (no boots)
Stlth    ..........             (no amulet)
HPRegen  0.13/turn              (no ring)
MPRegen  0.09/turn              (no ring)

@: no status effects
A: no striking features
a: no special abilities


You were on level 3 of the Dungeon.
You visited 1 branch of the dungeon, and saw 3 of its levels.

You collected 87 gold pieces.

Inventory:

Hand Weapons
 a - a +0 war axe (weapon)
 l - a +1 dagger of freezing
Missiles
 t - 4 boomerangs (quivered)
Armour
 b - a +0 scale mail (worn)
 c - a +0 kite shield (worn)
 r - a +0 helmet (worn)
 u - a +0 plate armour
Jewellery
 p - a ring of positive energy
Scrolls
 g - 3 scrolls of identify {unknown}
 h - a scroll of fear {unknown}
 j - 2 scrolls of amnesia {unknown}
 k - a scroll of magic mapping {unknown}
 m - 2 scrolls of blinking {unknown}
 o - a scroll of enchant weapon {unknown}
 s - a scroll of immolation {unknown}
Potions
 d - 4 potions of might
 e - a potion of brilliance {unknown}
 f - 3 potions of curing {unknown}
 i - 2 potions of lignification {unknown}
 n - a potion of haste {unknown}
 q - 2 potions of magic {unknown}


   Skills:
 + Level 4.5 Fighting
 + Level 3.9 Axes
 + Level 4.1 Armour
 + Level 4.1 Shields


You had 3 spell levels left.
You didn't know any spells.
Your spell library was empty.

Dungeon Overview and Level Annotations

Branches:
Dungeon (3/15)

Altars:


Message History

You throw a boomerang.
The boomerang barely misses the shadow imp.
You hit the shadow imp.
The shadow imp is moderately wounded.
The shadow imp lashes its tail.
The shadow imp hits you but does no damage. x2
You closely miss the shadow imp.
The shadow imp is moderately wounded.
The shadow imp barely misses you. The shadow imp hits you.
You hit the shadow imp but do no damage.
The shadow imp is moderately wounded.
The shadow imp hits you.
You barely miss the shadow imp.
The shadow imp is moderately wounded.
You block the shadow imp's attack. x2
You closely miss the shadow imp.
The shadow imp is moderately wounded.
The shadow imp hits you but does no damage.
You hit the shadow imp but do no damage.
The shadow imp is moderately wounded.
The shadow imp hits you but does no damage.
You block the shadow imp's attack.
Your scale mail prevents you from hitting the shadow imp.
The shadow imp is moderately wounded.
The shadow imp hits you but does no damage.
You closely miss the shadow imp.
The shadow imp is moderately wounded.
The shadow imp gestures at you. Pain shoots through your body!
The shadow imp hits you.
You closely miss the shadow imp.
The shadow imp is moderately wounded.
The shadow imp hits you but does no damage.
You hit the shadow imp but do no damage.
The shadow imp is moderately wounded.
The shadow imp gestures at you. Pain shoots through your body!
* * * LOW HITPOINT WARNING * * *
The shadow imp gestures at you. Pain shoots through your body!
You die...

5g...................
....................#.
..)..................
<...................#
....................#
....................#
....................#
....................#
...............5@...#
.........)..........#
....................#
....................##########
.#####.######.#..............#
## #.# #.##############.#
####.# #..........# #.#
#....######..........# #.#
#....................#####.#


You could see a shadow imp.

Vanquished Creatures
  Robin (D:2)
  3 gnolls (D:2)
  An adder (D:3)
  An ooze (D:3)
  2 worms (D:2)
  An orc (D:3)
  2 giant cockroaches (D:2)
  10 goblins
  6 hobgoblins
  3 jackals (D:1)
  5 bats
  A frilled lizard (D:3)
  5 kobolds
  5 rats
46 creatures vanquished.

Notes
Turn   | Place    | Note
-------+----------+-------------------------------------------
     0 | D:1      | Anon1729 the Hill Orc Fighter began the quest for the Orb.
     0 | D:1      | Reached XP level 1. HP: 19/19 MP: 1/1
   219 | D:1      | Reached XP level 2. HP: 27/27 MP: 2/2
   667 | D:2      | Reached XP level 3. HP: 33/33 MP: 3/3
   895 | D:2      | Noticed Robin
   899 | D:2      | Reached XP level 4. HP: 21/40 MP: 4/4
   903 | D:2      | Killed Robin
  1820 | D:3      | Killed from afar by a shadow imp

Illustrated notes

Levels and vault maps discovered:
D:1:      minmay_arrival_radiant_lines, layout_basic
D:2:      layout_loops_ring, uniq_robin
D:3:      layout_basic, marbit_many_paths

Skill      XL: |  1  2  3  4 |
---------------+-------------+-----
Axes           | 3 |  3.9
Fighting       | 4 |  4.5
Shields        | 4 |  4.1
Armour         | 4 |  4.1

Action                   |  1- 3 |  4- 6 || total
-------------------------+-------+-------++-------
Melee: War axe           |    68 |    62 ||   130
Throw: Boomerang         |       |     1 ||     1
Armor: Scale mail        |    26 |    36 ||    62
Dodge: Dodged            |    18 |    15 ||    33
Block: Kite shield       |    38 |    33 ||    71

Table legend: (Time is in decaauts)
 A = Elapsed time spent in this place.
 B = Non-inter-level travel time spent in this place.
 C = Inter-level travel time spent in this place.
 D = Time resting spent in this place.
 E = Time spent auto-exploring this place.
 F = Levels seen in this place.
 G = Mean time per level.
                   A        B        C        D        E       F      G
               +--------+--------+--------+--------+--------+-----+--------+
         Total |   1891 |   1793 |     98 |    214 |   1241 |   3 |  630.3 |
       Dungeon |   1891 |   1793 |     98 |    214 |   1241 |   3 |  630.3 |
               +--------+--------+--------+--------+--------+-----+--------+

Top non-repeatable levels by time:
     D:2: 1036 daAuts
     D:1: 603 daAuts
     D:3: 252 daAuts
